 Dungeon Crawl Stone Soup version 0.28-a0-1206-g193881aaa2 (webtiles) character file.

Game seed: 7940741835429684195

27 bearlyready the Slasher (level 2, 0/26 HPs)
             Began as a Minotaur Delver on Dec 20, 2021.
             Slain by a scorpion zombie (2 damage)
             ... on level 5 of the Dungeon.
             The game lasted 00:00:27 (186 turns).

bearlyready the Slasher (Minotaur Delver)            Turns: 186, Time: 00:00:27

Health: 0/26       AC:  3    Str: 16    XL:     2   Next: 93%
Magic:  1/1        EV: 11    Int:  7    God:
Gold:   0          SH:  0    Dex: 11    Spells: 1/1 levels left

rFire   . . .      SeeInvis .   a - +0 falchion
rCold   . . .      Faith    .   (no shield)
rNeg    . . .      Spirit   .   b - +0 leather armour
rPois   .          Reflect  .   (helmet restricted)
rElec   .          Harm     .   (no cloak)
rCorr   .          Rampage  .   (no gloves)
Will    .....                   (no boots)
Stlth   ++........              (no amulet)
HPRegen 0.08/turn               (no ring)
MPRegen 0.07/turn               (no ring)

@: hasted, very quick
A: horns 2, retaliatory headbutt
a: no special abilities


You were on level 5 of the Dungeon.
You visited 1 branch of the dungeon, and saw 1 of its levels.

Inventory:

Hand Weapons
 a - a +0 falchion (weapon)
Armour
 b - a +0 leather armour (worn)
Wands
 g - a wand of digging (3)
Scrolls
 c - a scroll of fog
 d - a scroll of magic mapping
 e - a scroll of fear


   Skills:
 - Level 3.6 Fighting
 + Level 4.2 Long Blades
 - Level 2.1 Dodging
 - Level 4.1 Stealth


You had one spell level left.
You didn't know any spells.
Your spell library was empty.

Dungeon Overview and Level Annotations

Branches:
Dungeon (5/15)
 Temple: D:4-7

Altars:


Innate Abilities, Weirdness & Mutations

You have a pair of horns on your head.
You reflexively headbutt those who attack you in melee.


Message History

You hit the scorpion zombie.
The scorpion zombie is moderately damaged.
The scorpion zombie barely misses you.
You hit the scorpion zombie.
The scorpion zombie is heavily damaged.
The scorpion zombie barely misses you.
You hit the scorpion zombie but do no damage.
The scorpion zombie is heavily damaged.
The scorpion zombie closely misses you.
You hit the scorpion zombie but do no damage.
The scorpion zombie is heavily damaged.
The scorpion zombie hits you.
You completely miss the scorpion zombie.
The scorpion zombie is heavily damaged.
The scorpion zombie hits you.
You hit the scorpion zombie but do no damage.
You headbutt the scorpion zombie, but do no damage.
The scorpion zombie is heavily damaged.
The scorpion zombie hits you.
* * * LOW HITPOINT WARNING * * *
You hit the scorpion zombie but do no damage.
The scorpion zombie is heavily damaged.
The scorpion zombie closely misses you.
You hit the scorpion zombie but do no damage.
The scorpion zombie is heavily damaged.
The scorpion zombie completely misses you.
You barely miss the scorpion zombie.
You headbutt the scorpion zombie, but do no damage.
The scorpion zombie is heavily damaged.
The scorpion zombie hits you.
* * * LOW HITPOINT WARNING * * *
You hit the scorpion zombie.
Your headbutt misses the scorpion zombie.
The scorpion zombie is heavily damaged.
The scorpion zombie hits you.
* * * LOW HITPOINT WARNING * * *
You can't see any enemies this would affect, really read the scroll of fear?
Okay, then.
You feel yourself speed up. The scorpion zombie hits you.
You die...

#.##.# #.#
#..#.# #.#
##.#.. #.. #
##.### # #..
#.##...##.###..
#.....>.......
####...##.####
##.Z.# #
#..@#.# #..#.##
#.# ## #. #. #.


You could see a scorpion zombie.

Vanquished Creatures
  A bullfrog skeleton (D:5)
1 creature vanquished.

Notes
Turn   | Place    | Note
-------+----------+-------------------------------------------
     0 | D:5      | bearlyready the Minotaur Delver began the quest for the
                  | Orb.
     0 | D:5      | Reached XP level 1. HP: 19/19 MP: 0/0
    16 | D:5      | Reached XP level 2. HP: 16/26 MP: 1/1
   186 | D:5      | Slain by a scorpion zombie

Illustrated notes

Levels and vault maps discovered:
D:5:      layout_loops_ring

Skill      XL: |  1 |
---------------+----+-----
Long Blades    | 4 |  4.2
Fighting       | |  3.6
Dodging        | |  2.1
Stealth        | |  4.1

Action                   || total
-------------------------++-------
Melee: Falchion          ||    19
       Headbutt          ||     6
  Use: Potion            ||     1
Armor: Leather armour    ||     1
Dodge: Dodged            ||    11

Table legend: (Time is in decaauts)
 A = Elapsed time spent in this place.
 B = Non-inter-level travel time spent in this place.
 C = Inter-level travel time spent in this place.
 D = Time resting spent in this place.
 E = Time spent auto-exploring this place.
 F = Levels seen in this place.
 G = Mean time per level.
                   A        B        C        D        E       F      G
               +--------+--------+--------+--------+--------+-----+--------+
         Total |    188 |    188 |      0 |      0 |    137 |   1 |  188.0 |
       Dungeon |    188 |    188 |      0 |      0 |    137 |   1 |  188.0 |
               +--------+--------+--------+--------+--------+-----+--------+

Top non-repeatable levels by time:
     D:5: 188 daAuts
